 Dungeon Crawl Stone Soup version 0.29.0-4-gdea44cf6ec (webtiles) character file.

Game seed: 1192026573532196287

32175 qw the Brawler (level 13, -9/127 HPs)
             Began as a Troll Cinder Acolyte on Sept 3, 2022.
             Was an Initiate of Ignis.
             Mangled by a death yak (20 damage)
             ... on level 3 of the Lair of Beasts.
             The game lasted 00:06:54 (11669 turns).

qw the Brawler (Troll Cinder Acolyte)              Turns: 11669, Time: 00:06:55

Health: -9/127     AC: 15    Str: 29    XL:     13   Next: 30%
Magic:  13/13      EV:  9    Int: 13    God:    Ignis [......]
Gold:   729        SH:  5    Dex:  7    Spells: 14/14 levels left

rFire   + + .      SeeInvis .     - Unarmed
rCold   . . .      Faith    .   (no shield)
rNeg    . . .      Spirit   .   r - +1 acid dragon scales
rPois   +          Reflect  +   (helmet restricted)
rElec   .          Harm     .   s - +0 cloak
rCorr   +          Rampage  .   (gloves unavailable)
Will    +....      Clarity  +   (boots unavailable)
Stlth   +.........              a - amulet of reflection
HPRegen 1.11/turn               w - ring "Onwo Pil" {rF+ AC+4 Int+3 Dex+2}
MPRegen 0.13/turn               u - ring of willpower

@: about to teleport
A: large, unfitting armour, claws 3, regeneration 1, shaggy fur 1, tough skin 1,
horns 1, clarity, poison resistance
a: Renounce Religion, Rising Flame


You were on level 3 of the Lair of Beasts.
You worshipped Ignis.
Ignis was noncommittal.
You visited 3 branches of the dungeon, and saw 14 of its levels.
You also visited: Ossuary.

You collected 856 gold pieces.
You spent 127 gold pieces at shops.


Innate Abilities, Weirdness & Mutations

You are too large for most types of armour.
You have claws for hands.
Your natural rate of healing is unusually fast.
You are covered in fur. (AC +1)
You have tough skin. (AC +1)
You have a pair of small horns on your head.
You possess an exceptional clarity of mind.
Your system is resistant to poisons. (rPois)


   Skills:
 - Level 8.0 Fighting
 - Level 7.0 Throwing
 - Level 3.3 Armour
 - Level 3.3 Dodging
 + Level 18.6 Unarmed Combat
 - Level 1.0 Spellcasting
 - Level 2.1 Fire Magic


You had 14 spell levels left.
You didn't know any spells.
Your spell library contained the following spells:

 Spells                   Type           Power      Damage    Failure   Level
 Scorch                   Fire           12%        2d6       21%         2

Inventory:

Missiles
 n - 5 boomerangs (quivered)
Armour
 d - a +2 cloak
 i - a +0 robe of fire resistance
 r - +1 acid dragon scales (worn)
 s - a +0 cloak (worn)
Jewellery
 a - an amulet of reflection (around neck)
 k - a ring of ice
 u - a ring of willpower (right claw)
 w - the ring "Onwo Pil" (left claw) {rF+ AC+4 Int+3 Dex+2}
   (You found it on level 8 of the Dungeon)

   [ring of protection]

   AC:        It affects your AC (+4).
   Int:       It affects your intelligence (+3).
   Dex:       It affects your dexterity (+2).
   rF:        It protects you from fire.
Scrolls
 g - 2 scrolls of identify
 l - 2 scrolls of enchant weapon
Potions
 b - a potion of might
 e - 7 potions of curing
 m - a potion of mutation
 p - 2 potions of cancellation

Dungeon Overview and Level Annotations

Branches:
Dungeon (9/15)             Temple (1/1) D:7            Lair (4/5) D:9
 Shoals (0/4) Lair:3       Spider (0/4) Lair:2        Slime (0/5) Lair:4
Ossuary (visited)
    Orc: D:9-12

Altars:
Ashenzari
Cheibriados
Dithmenos
Elyvilon
Fedhas
Gozag
Hepliaklqana
Kikubaaqudgha
Nemelex Xobeh
Okawaru
Qazlal
Ru
Sif Muna
Trog
Uskayaw
Vehumet
Wu Jian
Xom
Yredelemnul
Zin
The Shining One
Jiyva

Shops:
D:3 [   D:6 :*:[

Annotations:
D:3 3 runed translucent doors, Umevit's ghost, amateur DrWn
D:5 3 runed translucent doors, qw's ghost, novice TrCA
D:9 2 transporters


Message History

11655 ||| Stepping ~*~*~tactically~*~*~ (outnumbered).
The death yak attacks as you move away! The death yak gores you.
11656 ||| Stepping ~*~*~tactically~*~*~ (outnumbered).
11657 ||| Stepping ~*~*~tactically~*~*~ (outnumbered).
The death yak attacks as you move away! The death yak gores you!
The death yak attacks as you move away! The death yak barely misses you.
11658 ||| Stepping ~*~*~tactically~*~*~ (outnumbered).
Enter note:
11659 ||| Stepping ~*~*~tactically~*~*~ (outnumbered).
The death yak attacks as you move away! The death yak gores you.
The death yak attacks as you move away! The death yak barely misses you.
11660 ||| Stepping ~*~*~tactically~*~*~ (outnumbered).
The death yak attacks as you move away! The death yak gores you!
11661 ||| Stepping ~*~*~tactically~*~*~ (outnumbered).
The death yak attacks as you move away! The death yak gores you!
There is a stone staircase leading up here.
11662 ||| STAIRDANCE The death yak barely misses you.
You climb upwards.
There is a stone staircase leading down here.
You scratch the death yak.
The death yak is lightly wounded.
You scratch the death yak. Your headbutt misses the death yak.
Your claw misses the death yak.
The death yak is lightly wounded.
You block the death yak's attack. The death yak gores you!
You completely miss the death yak. Your headbutt misses the death yak.
The death yak is lightly wounded.
The death yak gores you! The death yak barely misses you.
You mangle the death yak!!
The death yak is heavily wounded.
You scratch the death yak but do no damage.
You headbutt the death yak.
The death yak is heavily wounded.
The death yak gores you!! The death yak gores you!
11669 ||| READING scroll of teleportation.
As you read the scroll of teleportation, it crumbles to dust.
You feel strangely unstable. The death yak gores you!!
You die...

#.# ####..........
####.###P..###.......
###.###.#P..####....... ##...#
#....####........ ##....#
##.....#......... ##....##
#................ ##....##
##................
###....#####....[............
##.......##..@Y...............
#.......###..Y................
##.......##....##.............
###......##.....##.?...........
#.##.......#.....#.............
#..###................%........
#..##.##.......................
##...###.......................
##...#..........%%%#).........


You could see 2 death yaks.

Vanquished Creatures
  Kirke (Lair:3)
  Josephine (Lair:4)
  5 hydras
  Harold (Lair:1)
  Erica (Lair:2)
  2 two-headed ogres
  2 death yaks (Lair:4)
  Amaemon (Lair:3)
  A lindwurm (Lair:3)
  A necromancer (Lair:2)
  A manticore (Lair:3)
  6 elephants (Lair:1)
  2 black mambas
  An orange demon (Lair:3)
  3 cane toads
  2 rime drakes
  A demonic crawler (Lair:2)
  5 komodo dragons
  A wind drake (Lair:3)
  2 polar bears
  12 blink frogs
  5 wraiths (Lair:4)
  3 wyverns
  A basilisk (Lair:3)
  3 hogs (Lair:3)
  28 yaks
  A steam dragon (D:6)
  Menkaure (D:4)
  An acid dragon (D:6)
  14 water moccasins
  5 orc warriors
  3 black bears
  4 ice beasts
  A sky beast (D:7)
  4 centaurs
  A kobold brigand (D:8)
  2 elf zombies (Ossuary)
  20 bullfrogs
  11 scorpions
  10 wights (D:7)
  6 killer bees (D:8)
  3 howler monkeys
  3 electric eels
  3 centaur zombies (Ossuary)
  3 hounds (D:5)
  3 jellies
  2 gnoll boudas
  An orc priest (D:5)
  2 human zombies (Ossuary)
  Jessica (D:2)
  5 iguanas
  7 orc wizards
  6 yak simulacra (Lair:2)
  3 polar bear simulacra (Lair:2)
  A wolf simulacrum (Lair:2)
  2 hound zombies (Ossuary)
  3 mummies (Ossuary)
  3 gnolls (D:8)
  4 adders
  A shadow imp (D:6)
  2 white imps
  7 adder zombies (Ossuary)
  4 worms
  3 dart slugs
  26 orcs
  8 endoplasms
  4 giant cockroaches
  9 goblins
  3 hobgoblins
  4 jackals
  6 quokkas
  6 ball pythons
  7 bats
  4 frilled lizards
  A goblin zombie (Ossuary)
  5 hobgoblin zombies (Ossuary)
  3 jackal zombies (Ossuary)
  17 kobolds
  2 kobold zombies (Ossuary)
  An orc zombie (Ossuary)
  2 quokka zombies (Ossuary)
  3 rats
  5 rat zombies (Ossuary)
  A river rat simulacrum (Lair:2)
365 creatures vanquished.

Vanquished Creatures (others)
  A yak (Lair:2)
  42 fungi
  44 plants
87 creatures vanquished.

Grand Total: 452 creatures vanquished

Notes
Turn   | Place    | Note
-------+----------+-------------------------------------------
     0 | D:1      | qw the Troll Cinder Acolyte began the quest for the Orb.
     0 | D:1      | Reached XP level 1. HP: 22/22 MP: 1/1
     0 | D:1      | 0 ||| qw: Version: 0.1-a-100-g36b9a1f
     0 | D:1      | 0 ||| qw: Game counter: 5050
     0 | D:1      | 0 ||| qw: Always use a shield: true
     0 | D:1      | 0 ||| qw: God list: Okawaru
     0 | D:1      | 0 ||| qw: Allow faded altars: false
     0 | D:1      | 0 ||| qw: Do Orc after D:15 true
     0 | D:1      | 0 ||| qw: Do second Lair branch before Depths: true
     0 | D:1      | 0 ||| qw: Lair rune preference: random
     0 | D:1      | 0 ||| qw: Plans: Normal
     0 | D:1      | 0 ||| PLANNING D:1-11
    76 | D:1      | Found a faded altar of an unknown god.
   144 | D:1      | Reached XP level 2. HP: 25/29 MP: 2/2
   434 | D:1      | Reached skill level 4 in Unarmed Combat
   611 | D:1      | 611 ||| UPGRADING to ring of willpower.
   612 | D:1      | 612 ||| UPGRADING to ring of poison resistance.
   613 | D:1      | 613 ||| READING scroll labelled WOUSYOJUNE.
   614 | D:1      | 614 ||| READING scroll labelled LIGUHA XEAH.
   629 | D:1      | 629 ||| READING 2 scrolls labelled XARUTI AZ KUICK.
   630 | D:1      | 630 ||| DROPPING scroll of fear.
   682 | D:2      | 682 ||| STAIRDANCE
   966 | D:2      | Reached XP level 3. HP: 36/36 MP: 3/3
  1003 | D:2      | 1003 ||| Stepping ~*~*~tactically~*~*~ (stealth).
  1008 | D:2      | 1008 ||| Stepping ~*~*~tactically~*~*~ (stealth).
  1258 | D:2      | Noticed Jessica
  1259 | D:2      | 1259 ||| Stepping ~*~*~tactically~*~*~ (hiding).
  1261 | D:2      | 1261 ||| Stepping ~*~*~tactically~*~*~ (hiding).
  1267 | D:2      | Killed Jessica
  1268 | D:2      | Reached skill level 5 in Unarmed Combat
  1268 | D:2      | Reached XP level 4. HP: 44/44 MP: 4/4
  1624 | D:2      | 1624 ||| UPGRADING to +0 robe of fire resistance.
  1634 | D:2      | 1634 ||| DROPPING +0 robe.
  1635 | D:2      | 1635 ||| READING scroll labelled AZOLAENACOXA.
  1636 | D:2      | 1636 ||| DRINKING 3 bubbling emerald potions.
  1637 | D:2      | 1637 ||| READING 2 scrolls of identify.
  1637 | D:2      | 1637 ||| IDENTIFYING golden potion
  1678 | D:3      | 1678 ||| Stepping ~*~*~tactically~*~*~ (hiding).
  1949 | D:3      | Found Meujemn Bewk's Antique Armour Shoppe.
  1972 | D:3      | 1972 ||| Stepping ~*~*~tactically~*~*~ (hiding).
  2143 | D:3      | Found a runed translucent gate.
  2143 | D:3      | Found a runed translucent gate.
  2144 | D:3      | Found a runed translucent gate.
  2576 | D:3      | Noticed a black bear
  2585 | D:3      | Killed a black bear
  2586 | D:3      | Reached skill level 6 in Unarmed Combat
  2586 | D:3      | Reached XP level 5. HP: 34/50 MP: 5/5
  2681 | D:3      | Found an opulent altar of Gozag.
  2683 | D:3      | Noticed Umevit's ghost (amateur DrWn)
  2795 | D:3      | 2795 ||| READING scroll labelled XOAJIE KAQIPP.
  2796 | D:3      | 2796 ||| READING 3 scrolls labelled SEIROO NAGAL.
  2797 | D:3      | 2797 ||| READING 2 scrolls labelled TYXITAAMIV.
  2798 | D:3      | 2798 ||| DROPPING 2 scrolls of butterflies.
  2970 | D:4      | Noticed Menkaure
  2971 | D:4      | 2971 ||| Stepping ~*~*~tactically~*~*~ (hiding).
  2984 | D:4      | Killed Menkaure
  2985 | D:4      | Reached XP level 6. HP: 59/59 MP: 6/6
  2990 | D:4      | Found an iron altar of Okawaru.
  3060 | D:4      | 3060 ||| Stepping ~*~*~tactically~*~*~ (stealth).
  3111 | D:4      | Identified the +11 long sword of Animal Spirits {freeze,
                  | Dex+3}
  3320 | D:4      | 3320 ||| UPGRADING to +1 robe of cold resistance.
  3330 | D:4      | 3330 ||| READING scroll labelled FAEKKY BAOZYV.
  3357 | D:5      | Entered Level 5 of the Dungeon
  3393 | D:5      | 3393 ||| INVOKING Fiery Armour.
  3400 | D:5      | Reached skill level 7 in Unarmed Combat
  3410 | D:5      | Found a glowing silver altar of Zin.
  3429 | D:5      | Reached XP level 7. HP: 66/66 MP: 7/7
  3478 | D:5      | 3478 ||| Stepping ~*~*~tactically~*~*~ (stealth).
  3499 | D:5      | 3499 ||| Stepping ~*~*~tactically~*~*~ (stealth).
  3513 | D:5      | 3513 ||| Stepping ~*~*~tactically~*~*~ (stealth).
  3518 | D:5      | Reached skill level 8 in Unarmed Combat
  3574 | D:5      | Reached skill level 3 in Fighting
  3574 | D:5      | 3574 ||| Stepping ~*~*~tactically~*~*~ (hiding).
  3608 | D:5      | Found a runed translucent gate.
  3608 | D:5      | Noticed qw's ghost (novice TrCA)
  3608 | D:5      | Identified the +0 scale mail "Muijaux" {rPois}
  3610 | D:5      | Found a runed translucent gate.
  3611 | D:5      | Found a runed translucent gate.
  3649 | D:5      | 3649 ||| Stepping ~*~*~tactically~*~*~ (hiding).
  3998 | D:5      | Reached skill level 3 in Throwing
  4168 | D:5      | 4168 ||| READING scroll labelled AKHAOMAEMM.
  4190 | D:6      | Found Jujoh's Book Shoppe.
  4256 | D:6      | Reached XP level 8. HP: 75/75 MP: 8/8
  4263 | D:6      | Reached skill level 9 in Unarmed Combat
  4273 | D:6      | Found Xittus's Book Shoppe.
  4345 | D:6      | 4345 ||| Stepping ~*~*~tactically~*~*~ (stealth).
  4475 | D:6      | Found a snail-covered altar of Cheibriados.
  4481 | D:6      | 4481 ||| FLEEEEING.
  4482 | D:6      | 4482 ||| FLEEEEING.
  4619 | D:6      | Found Tyhusef's CLEARANCE SALE!.
  4639 | D:6      | 4639 ||| BUYING potion of curing (15 gold).
  4639 | D:6      | Bought a potion of curing for 15 gold pieces
  4739 | D:6      | Reached skill level 10 in Unarmed Combat
  4784 | D:6      | Found Sedy's Antique Armour Shoppe.
  4791 | D:6      | 4791 ||| BUYING cloak (112 gold).
  4791 | D:6      | Bought a cloak for 112 gold pieces
  4966 | D:6      | 4966 ||| UPGRADING to +0 acid dragon scales.
  4976 | D:6      | 4976 ||| DROPPING +1 robe of cold resistance.
  4977 | D:6      | 4977 ||| UPGRADING to +0 cloak.
  4982 | D:6      | 4982 ||| DROPPING orb of wrath.
  4983 | D:6      | 4983 ||| READING scroll labelled AMUEC GAOQ.
  5001 | D:7      | 5001 ||| PLANNING OSSUARY
  5020 | D:7      | Found a glowing golden altar of the Shining One.
  5047 | D:7      | Reached skill level 1 in Armour
  5088 | D:7      | 5088 ||| Stepping ~*~*~tactically~*~*~ (stealth).
  5135 | D:7      | 5135 ||| Stepping ~*~*~tactically~*~*~ (hiding).
  5148 | D:7      | 5148 ||| FLEEEEING.
  5149 | D:7      | 5149 ||| FLEEEEING.
  5179 | D:7      | 5179 ||| Stepping ~*~*~tactically~*~*~ (stealth).
  5201 | D:7      | Reached XP level 9. HP: 80/84 MP: 9/9
  5286 | D:7      | Found a sand-covered staircase.
  5287 | D:7      | 5287 ||| READING 2 scrolls labelled WAIL ICKEIM.
  5297 | D:7      | 5297 ||| Stepping ~*~*~tactically~*~*~ (outnumbered).
  5298 | D:7      | 5298 ||| Stepping ~*~*~tactically~*~*~ (outnumbered).
  5312 | D:7      | 5312 ||| Stepping ~*~*~tactically~*~*~ (outnumbered).
  5316 | D:7      | 5316 ||| INVOKING Fiery Armour.
  5370 | D:7      | 5370 ||| READING scroll labelled ZESUNN RAQI.
  5371 | D:7      | 5371 ||| DRINKING 2 smoky coppery potions.
  5439 | Ossuary  | Entered an ossuary
  5447 | Ossuary  | 5447 ||| Stepping ~*~*~tactically~*~*~ (stealth).
  5457 | Ossuary  | 5457 ||| Stepping ~*~*~tactically~*~*~ (outnumbered).
  5459 | Ossuary  | 5459 ||| Stepping ~*~*~tactically~*~*~ (outnumbered).
  5460 | Ossuary  | 5460 ||| Stepping ~*~*~tactically~*~*~ (outnumbered).
  5461 | Ossuary  | 5461 ||| Stepping ~*~*~tactically~*~*~ (outnumbered).
  5463 | Ossuary  | 5463 ||| Stepping ~*~*~tactically~*~*~ (outnumbered).
  5464 | Ossuary  | 5464 ||| Stepping ~*~*~tactically~*~*~ (outnumbered).
  5465 | Ossuary  | 5465 ||| Stepping ~*~*~tactically~*~*~ (outnumbered).
  5466 | Ossuary  | 5466 ||| Stepping ~*~*~tactically~*~*~ (outnumbered).
  5485 | Ossuary  | 5485 ||| Stepping ~*~*~tactically~*~*~ (stealth).
  5486 | Ossuary  | 5486 ||| Stepping ~*~*~tactically~*~*~ (stealth).
  5520 | Ossuary  | 5520 ||| Stepping ~*~*~tactically~*~*~ (outnumbered).
  5521 | Ossuary  | 5521 ||| Stepping ~*~*~tactically~*~*~ (outnumbered).
  5560 | Ossuary  | 5560 ||| Stepping ~*~*~tactically~*~*~ (stealth).
  5562 | Ossuary  | Reached skill level 11 in Unarmed Combat
  5563 | Ossuary  | 5563 ||| Stepping ~*~*~tactically~*~*~ (stealth).
  5593 | Ossuary  | 5593 ||| Stepping ~*~*~tactically~*~*~ (stealth).
  5634 | Ossuary  | 5634 ||| Stepping ~*~*~tactically~*~*~ (stealth).
  5636 | Ossuary  | 5636 ||| Stepping ~*~*~tactically~*~*~ (stealth).
  5783 | Ossuary  | 5783 ||| READING scroll labelled PUMICO PEACEOMIO.
  5784 | Ossuary  | 5784 ||| DRINKING 2 smoky dark potions.
  5785 | Ossuary  | 5785 ||| READING 2 scrolls of identify.
  5785 | Ossuary  | 5785 ||| IDENTIFYING sedimented amethyst potion
  5786 | Ossuary  | 5786 ||| DROPPING potion of degeneration.
  5791 | D:7      | 5791 ||| PLANNING D:1-11
  5845 | D:7      | 5845 ||| Stepping ~*~*~tactically~*~*~ (stealth).
  5849 | D:7      | 5849 ||| Stepping ~*~*~tactically~*~*~ (stealth).
  5894 | D:7      | 5894 ||| Stepping ~*~*~tactically~*~*~ (stealth).
  6178 | D:7      | Found a staircase to the Ecumenical Temple.
  6190 | D:7      | 6190 ||| DRINKING 2 glowing orange potions.
  6191 | D:7      | 6191 ||| DROPPING potion of brilliance.
  6247 | D:8      | 6247 ||| READING scroll of enchant armour.
  6247 | D:8      | 6247 ||| ENCHANTING +0 acid dragon scales.
  6270 | D:8      | 6270 ||| Stepping ~*~*~tactically~*~*~ (hiding).
  6281 | D:8      | 6281 ||| Stepping ~*~*~tactically~*~*~ (outnumbered).
  6283 | D:8      | 6283 ||| Stepping ~*~*~tactically~*~*~ (outnumbered).
  6319 | D:8      | 6319 ||| Stepping ~*~*~tactically~*~*~ (hiding).
  6328 | D:8      | Reached skill level 12 in Unarmed Combat
  6460 | D:8      | 6460 ||| Stepping ~*~*~tactically~*~*~ (hiding).
  6595 | D:8      | 6595 ||| Stepping ~*~*~tactically~*~*~ (stealth).
  6596 | D:8      | 6596 ||| INVOKING Fiery Armour.
  6617 | D:8      | 6617 ||| Stepping ~*~*~tactically~*~*~ (outnumbered).
  6620 | D:8      | 6620 ||| Stepping ~*~*~tactically~*~*~ (outnumbered).
  6621 | D:8      | 6621 ||| Stepping ~*~*~tactically~*~*~ (outnumbered).
  6630 | D:8      | Reached XP level 10. HP: 71/96 MP: 10/10
  6750 | D:8      | 6750 ||| Stepping ~*~*~tactically~*~*~ (outnumbered).
  6753 | D:8      | 6753 ||| Stepping ~*~*~tactically~*~*~ (outnumbered).
  6756 | D:8      | 6756 ||| Stepping ~*~*~tactically~*~*~ (outnumbered).
  6819 | D:8      | Noticed a two-headed ogre
  6824 | D:8      | Killed a two-headed ogre
  6893 | D:8      | Identified the ring "Onwo Pil" {rF+ AC+4 Int+3 Dex+2}
  6918 | D:8      | 6918 ||| FLEEEEING.
  7000 | D:8      | 7000 ||| FLEEEEING.
  7001 | D:8      | 7001 ||| FLEEEEING.
  7002 | D:8      | 7002 ||| FLEEEEING.
  7003 | D:8      | 7003 ||| FLEEEEING.
  7004 | D:8      | 7004 ||| FLEEEEING.
  7014 | D:8      | 7014 ||| STAIRDANCE
  7046 | D:7      | 7046 ||| UPGRADING to ring "Onwo Pil" {rF+ AC+4 Int+3
                  | Dex+2}.
  7048 | D:7      | 7048 ||| READING scroll labelled DIQOQUGG EKHEG.
  7049 | D:7      | 7049 ||| DRINKING 2 bubbling blue potions.
  7050 | D:7      | 7050 ||| DRINKING 2 purple potions.
  7051 | D:7      | 7051 ||| READING 2 scrolls of identify.
  7051 | D:7      | 7051 ||| IDENTIFYING smoky golden potion
  7052 | D:7      | 7052 ||| DROPPING potion of ambrosia.
  7053 | D:7      | 7053 ||| DROPPING potion of magic.
  7054 | D:7      | 7054 ||| DROPPING potion of flight.
  7249 | D:9      | 7249 ||| Stepping ~*~*~tactically~*~*~ (outnumbered).
  7250 | D:9      | 7250 ||| Stepping ~*~*~tactically~*~*~ (outnumbered).
  7251 | D:9      | 7251 ||| Stepping ~*~*~tactically~*~*~ (outnumbered).
  7252 | D:9      | 7252 ||| Stepping ~*~*~tactically~*~*~ (outnumbered).
  7253 | D:9      | 7253 ||| Stepping ~*~*~tactically~*~*~ (outnumbered).
  7254 | D:9      | 7254 ||| Stepping ~*~*~tactically~*~*~ (outnumbered).
  7257 | D:9      | 7257 ||| Stepping ~*~*~tactically~*~*~ (outnumbered).
  7258 | D:9      | 7258 ||| Stepping ~*~*~tactically~*~*~ (outnumbered).
  7259 | D:9      | 7259 ||| Stepping ~*~*~tactically~*~*~ (outnumbered).
  7261 | D:9      | 7261 ||| Stepping ~*~*~tactically~*~*~ (outnumbered).
  7262 | D:9      | 7262 ||| Stepping ~*~*~tactically~*~*~ (outnumbered).
  7263 | D:9      | 7263 ||| Stepping ~*~*~tactically~*~*~ (outnumbered).
  7264 | D:9      | 7264 ||| Stepping ~*~*~tactically~*~*~ (outnumbered).
  7265 | D:9      | 7265 ||| Stepping ~*~*~tactically~*~*~ (outnumbered).
  7313 | D:9      | 7313 ||| Stepping ~*~*~tactically~*~*~ (stealth).
  7314 | D:9      | 7314 ||| Stepping ~*~*~tactically~*~*~ (stealth).
  7321 | D:9      | 7321 ||| Stepping ~*~*~tactically~*~*~ (stealth).
  7325 | D:9      | Reached skill level 13 in Unarmed Combat
  7335 | D:9      | 7335 ||| Stepping ~*~*~tactically~*~*~ (stealth).
  7338 | D:9      | 7338 ||| Stepping ~*~*~tactically~*~*~ (stealth).
  7371 | D:9      | 7371 ||| Stepping ~*~*~tactically~*~*~ (outnumbered).
  7372 | D:9      | 7372 ||| Stepping ~*~*~tactically~*~*~ (outnumbered).
  7373 | D:9      | 7373 ||| Stepping ~*~*~tactically~*~*~ (outnumbered).
  7374 | D:9      | 7374 ||| INVOKING Fiery Armour.
  7375 | D:9      | 7375 ||| Stepping ~*~*~tactically~*~*~ (outnumbered).
  7375 | D:9      | Found a transporter.
  7387 | D:9      | Reached skill level 14 in Unarmed Combat
  7418 | D:9      | Found a staircase to the Lair.
  7465 | D:9      | 7465 ||| Stepping ~*~*~tactically~*~*~ (stealth).
  7475 | D:9      | 7475 ||| Stepping ~*~*~tactically~*~*~ (outnumbered).
  7498 | D:9      | Noticed a two-headed ogre
  7504 | D:9      | Killed a two-headed ogre
  7505 | D:9      | Reached XP level 11. HP: 95/105 MP: 11/11
  7619 | D:9      | Reached skill level 6 in Fighting
  7638 | D:9      | 7638 ||| Stepping ~*~*~tactically~*~*~ (hiding).
  7639 | D:9      | 7639 ||| Stepping ~*~*~tactically~*~*~ (hiding).
  7642 | D:9      | 7642 ||| Stepping ~*~*~tactically~*~*~ (hiding).
  7827 | D:9      | Noticed a tengu warrior
  7827 | D:9      | Noticed a centaur warrior
  7829 | D:9      | Found a transporter.
  7839 | D:9      | Found a bloodstained altar of Trog.
  8019 | D:9      | Found a white marble altar of Elyvilon.
  8114 | D:9      | Found a broken altar of Ashenzari.
  8255 | D:9      | 8255 ||| PLANNING LAIR
  8255 | D:9      | 8255 ||| DRINKING 2 bubbling yellow potions.
  8255 | D:9      | Gained mutation: Your system is resistant to poisons.
                  | (rPois) [potion of mutation]
  8255 | D:9      | Gained mutation: You have a pair of small horns on your
                  | head. [potion of mutation]
  8255 | D:9      | Gained mutation: You possess an exceptional clarity of
                  | mind. [potion of mutation]
  8256 | D:9      | 8256 ||| REMOVING ring of poison resistance.
  8257 | D:9      | 8257 ||| DROPPING ring of poison resistance.
  8258 | D:9      | 8258 ||| UPGRADING to ring of willpower.
  8259 | D:9      | 8259 ||| READING 2 scrolls of identify.
  8259 | D:9      | 8259 ||| IDENTIFYING murky red potion
  8260 | D:9      | 8260 ||| DROPPING potion of lignification.
  8306 | Lair:1   | Entered Level 1 of the Lair of Beasts
  8338 | Lair:1   | Noticed a four-headed hydra
  8339 | Lair:1   | 8339 ||| INVOKING Fiery Armour.
  8349 | Lair:1   | Killed a seven-headed hydra
  8420 | Lair:1   | 8420 ||| Stepping ~*~*~tactically~*~*~ (stealth).
  8488 | Lair:1   | 8488 ||| Stepping ~*~*~tactically~*~*~ (stealth).
  8491 | Lair:1   | Reached skill level 6 in Throwing
  8493 | Lair:1   | Reached skill level 15 in Unarmed Combat
  8494 | Lair:1   | 8494 ||| Stepping ~*~*~tactically~*~*~ (stealth).
  8507 | Lair:1   | 8507 ||| Stepping ~*~*~tactically~*~*~ (outnumbered).
  8508 | Lair:1   | 8508 ||| Stepping ~*~*~tactically~*~*~ (outnumbered).
  8509 | Lair:1   | 8509 ||| Stepping ~*~*~tactically~*~*~ (outnumbered).
  8513 | Lair:1   | 8513 ||| Stepping ~*~*~tactically~*~*~ (outnumbered).
  8522 | Lair:1   | Reached skill level 3 in Armour
  8522 | Lair:1   | 8522 ||| INVOKING Fiery Armour.
  8528 | Lair:1   | HP: 21/105 [wyvern (11)]
  8529 | Lair:1   | 8529 ||| READING 2 scrolls of teleportation.
  8529 | Lair:1   | HP: 8/105 [wyvern (7)]
  8530 | Lair:1   | 8530 ||| DRINKING 3 potions of heal wounds.
  8532 | Lair:1   | 8532 ||| DRINKING 2 potions of heal wounds.
  8541 | Lair:1   | HP: 26/105 [electric eel/bolt of electricity (5)]
  8542 | Lair:1   | 8542 ||| READING scroll of teleportation.
  8542 | Lair:1   | HP: 5/105 [electric eel/bolt of electricity (10)]
  8543 | Lair:1   | 8543 ||| DRINKING potion of heal wounds.
  8555 | Lair:1   | HP: 19/105 [elephant (10)]
  8679 | Lair:1   | Noticed a six-headed hydra
  8680 | Lair:1   | 8680 ||| INVOKING Fiery Armour.
  8683 | Lair:1   | Killed a seven-headed hydra
  8824 | Lair:1   | 8824 ||| Stepping ~*~*~tactically~*~*~ (outnumbered).
  8825 | Lair:1   | 8825 ||| Stepping ~*~*~tactically~*~*~ (outnumbered).
  8826 | Lair:1   | 8826 ||| Stepping ~*~*~tactically~*~*~ (outnumbered).
  8828 | Lair:1   | 8828 ||| Stepping ~*~*~tactically~*~*~ (outnumbered).
  8829 | Lair:1   | 8829 ||| Stepping ~*~*~tactically~*~*~ (outnumbered).
  8831 | Lair:1   | 8831 ||| Stepping ~*~*~tactically~*~*~ (outnumbered).
  8832 | Lair:1   | 8832 ||| Stepping ~*~*~tactically~*~*~ (outnumbered).
  8833 | Lair:1   | 8833 ||| Stepping ~*~*~tactically~*~*~ (outnumbered).
  8838 | Lair:1   | 8838 ||| Stepping ~*~*~tactically~*~*~ (outnumbered).
  8839 | Lair:1   | 8839 ||| Stepping ~*~*~tactically~*~*~ (outnumbered).
  8840 | Lair:1   | 8840 ||| Stepping ~*~*~tactically~*~*~ (outnumbered).
  8841 | Lair:1   | 8841 ||| Stepping ~*~*~tactically~*~*~ (outnumbered).
  8842 | Lair:1   | 8842 ||| Stepping ~*~*~tactically~*~*~ (outnumbered).
  8843 | Lair:1   | 8843 ||| Stepping ~*~*~tactically~*~*~ (outnumbered).
  8844 | Lair:1   | 8844 ||| Stepping ~*~*~tactically~*~*~ (outnumbered).
  8845 | Lair:1   | 8845 ||| Stepping ~*~*~tactically~*~*~ (outnumbered).
  8846 | Lair:1   | 8846 ||| Stepping ~*~*~tactically~*~*~ (outnumbered).
  8950 | Lair:1   | 8950 ||| Stepping ~*~*~tactically~*~*~ (stealth).
  8951 | Lair:1   | 8951 ||| Stepping ~*~*~tactically~*~*~ (stealth).
  8961 | Lair:1   | Reached skill level 16 in Unarmed Combat
  9100 | Lair:1   | 9100 ||| UPGRADING to amulet of regeneration.
  9105 | Lair:1   | 9105 ||| DRINKING 3 grey potions.
  9106 | Lair:1   | 9106 ||| DROPPING 2 potions of attraction.
  9117 | Lair:1   | Noticed Harold
  9128 | Lair:1   | Killed Harold
  9137 | Lair:2   | 9137 ||| STAIRDANCE
  9154 | Lair:2   | 9154 ||| STAIRDANCE
  9196 | Lair:2   | Reached XP level 12. HP: 115/115 MP: 12/12
  9253 | Lair:2   | You fall into a shaft and drop 2 floors!
  9258 | Lair:4   | Identified the +1 demon blade of the Warrior-Mage {vamp,
                  | rN+}
  9261 | Lair:4   | 9261 ||| INVOKING Fiery Armour.
  9269 | Lair:4   | 9269 ||| Stepping ~*~*~tactically~*~*~ (outnumbered).
  9270 | Lair:4   | 9270 ||| Stepping ~*~*~tactically~*~*~ (outnumbered).
  9323 | Lair:4   | Noticed Josephine
  9324 | Lair:4   | 9324 ||| Stepping ~*~*~tactically~*~*~ (hiding).
  9325 | Lair:4   | 9325 ||| Stepping ~*~*~tactically~*~*~ (hiding).
  9334 | Lair:4   | Killed Josephine
  9335 | Lair:4   | 9335 ||| Stepping ~*~*~tactically~*~*~ (outnumbered).
  9513 | Lair:4   | Found a viscous altar of Jiyva.
  9513 | Lair:4   | Found a staircase to the Slime Pits.
  9518 | Lair:4   | 9518 ||| INVOKING Fiery Armour.
  9522 | Lair:4   | 9522 ||| Stepping ~*~*~tactically~*~*~ (outnumbered).
  9523 | Lair:4   | 9523 ||| Stepping ~*~*~tactically~*~*~ (outnumbered).
  9526 | Lair:4   | 9526 ||| Stepping ~*~*~tactically~*~*~ (outnumbered).
  9527 | Lair:4   | 9527 ||| Stepping ~*~*~tactically~*~*~ (outnumbered).
  9564 | Lair:3   | Noticed Amaemon
  9574 | Lair:3   | Killed Amaemon
  9791 | Lair:2   | 9791 ||| Stepping ~*~*~tactically~*~*~ (stealth).
  9792 | Lair:2   | 9792 ||| Stepping ~*~*~tactically~*~*~ (stealth).
  9793 | Lair:2   | 9793 ||| Stepping ~*~*~tactically~*~*~ (stealth).
  9796 | Lair:2   | Reached skill level 17 in Unarmed Combat
  9817 | Lair:2   | Noticed a seven-headed hydra
  9818 | Lair:2   | 9818 ||| INVOKING Fiery Armour.
  9825 | Lair:2   | Killed a nine-headed hydra
  9826 | Lair:2   | 9826 ||| FLEEEEING.
  9828 | Lair:2   | 9828 ||| FLEEEEING.
  9829 | Lair:2   | 9829 ||| FLEEEEING.
  9830 | Lair:2   | 9830 ||| FLEEEEING.
  9879 | Lair:2   | Found a hole to the Spider Nest.
  9890 | Lair:2   | Noticed Erica
  9891 | Lair:2   | 9891 ||| Stepping ~*~*~tactically~*~*~ (stealth).
  9892 | Lair:2   | 9892 ||| Stepping ~*~*~tactically~*~*~ (stealth).
  9893 | Lair:2   | 9893 ||| Stepping ~*~*~tactically~*~*~ (stealth).
  9905 | Lair:2   | Killed Erica
 10030 | Lair:2   | 10030 ||| FLEEEEING.
 10031 | Lair:2   | 10031 ||| FLEEEEING.
 10037 | Lair:2   | 10037 ||| FLEEEEING.
 10038 | Lair:2   | 10038 ||| FLEEEEING.
 10039 | Lair:2   | 10039 ||| Stepping ~*~*~tactically~*~*~ (hiding).
 10040 | Lair:2   | 10040 ||| Stepping ~*~*~tactically~*~*~ (hiding).
 10042 | Lair:2   | 10042 ||| Stepping ~*~*~tactically~*~*~ (outnumbered).
 10049 | Lair:2   | 10049 ||| Stepping ~*~*~tactically~*~*~ (outnumbered).
 10056 | Lair:2   | 10056 ||| Stepping ~*~*~tactically~*~*~ (outnumbered).
 10111 | Lair:2   | 10111 ||| INVOKING Fiery Armour.
 10116 | Lair:2   | 10116 ||| FLEEEEING.
 10126 | Lair:2   | Reached skill level 18 in Unarmed Combat
 10379 | Lair:3   | 10379 ||| Stepping ~*~*~tactically~*~*~ (stealth).
 10400 | Lair:3   | Noticed a four-headed hydra
 10401 | Lair:3   | 10401 ||| INVOKING Fiery Armour.
 10407 | Lair:3   | Killed a six-headed hydra
 10463 | Lair:3   | 10463 ||| PLANNING TEMPLE
 10463 | Lair:3   | 10463 ||| UPGRADING to amulet of reflection.
 10473 | Lair:3   | 10473 ||| DROPPING amulet of regeneration.
 10633 | Temple   | Entered the Ecumenical Temple
 10746 | Temple   | 10746 ||| PLANNING LAIR
 10980 | Lair:3   | Found a staircase to the Shoals.
 11012 | Lair:3   | Noticed Kirke
 11013 | Lair:3   | 11013 ||| Stepping ~*~*~tactically~*~*~ (stealth).
 11015 | Lair:3   | 11015 ||| Stepping ~*~*~tactically~*~*~ (stealth).
 11019 | Lair:3   | Reached XP level 13. HP: 127/127 MP: 13/13
 11023 | Lair:3   | 11023 ||| Stepping ~*~*~tactically~*~*~ (outnumbered).
 11024 | Lair:3   | 11024 ||| Stepping ~*~*~tactically~*~*~ (outnumbered).
 11027 | Lair:3   | 11027 ||| Stepping ~*~*~tactically~*~*~ (outnumbered).
 11028 | Lair:3   | 11028 ||| Stepping ~*~*~tactically~*~*~ (outnumbered).
 11037 | Lair:3   | Killed Kirke
 11038 | Lair:3   | Reached skill level 3 in Dodging
 11188 | Lair:3   | 11188 ||| Stepping ~*~*~tactically~*~*~ (outnumbered).
 11189 | Lair:3   | 11189 ||| Stepping ~*~*~tactically~*~*~ (outnumbered).
 11192 | Lair:3   | 11192 ||| Stepping ~*~*~tactically~*~*~ (outnumbered).
 11194 | Lair:3   | 11194 ||| Stepping ~*~*~tactically~*~*~ (outnumbered).
 11195 | Lair:3   | 11195 ||| Stepping ~*~*~tactically~*~*~ (outnumbered).
 11196 | Lair:3   | 11196 ||| Stepping ~*~*~tactically~*~*~ (outnumbered).
 11491 | Lair:4   | 11491 ||| FLEEEEING.
 11492 | Lair:4   | 11492 ||| FLEEEEING.
 11493 | Lair:4   | 11493 ||| FLEEEEING.
 11494 | Lair:4   | 11494 ||| FLEEEEING.
 11495 | Lair:4   | 11495 ||| STAIRDANCE
 11636 | Lair:4   | 11636 ||| Stepping ~*~*~tactically~*~*~ (stealth).
 11645 | Lair:4   | 11645 ||| FLEEEEING.
 11647 | Lair:4   | 11647 ||| Stepping ~*~*~tactically~*~*~ (outnumbered).
 11648 | Lair:4   | 11648 ||| Stepping ~*~*~tactically~*~*~ (outnumbered).
 11649 | Lair:4   | 11649 ||| Stepping ~*~*~tactically~*~*~ (outnumbered).
 11650 | Lair:4   | 11650 ||| Stepping ~*~*~tactically~*~*~ (outnumbered).
 11651 | Lair:4   | 11651 ||| Stepping ~*~*~tactically~*~*~ (outnumbered).
 11653 | Lair:4   | 11653 ||| Stepping ~*~*~tactically~*~*~ (outnumbered).
 11654 | Lair:4   | 11654 ||| Stepping ~*~*~tactically~*~*~ (outnumbered).
 11655 | Lair:4   | 11655 ||| Stepping ~*~*~tactically~*~*~ (outnumbered).
 11656 | Lair:4   | 11656 ||| Stepping ~*~*~tactically~*~*~ (outnumbered).
 11657 | Lair:4   | 11657 ||| Stepping ~*~*~tactically~*~*~ (outnumbered).
 11658 | Lair:4   | 11658 ||| Stepping ~*~*~tactically~*~*~ (outnumbered).
 11659 | Lair:4   | 11659 ||| Stepping ~*~*~tactically~*~*~ (outnumbered).
 11660 | Lair:4   | 11660 ||| Stepping ~*~*~tactically~*~*~ (outnumbered).
 11661 | Lair:4   | 11661 ||| Stepping ~*~*~tactically~*~*~ (outnumbered).
 11662 | Lair:4   | 11662 ||| STAIRDANCE
 11668 | Lair:3   | HP: 22/127 [death yak (21)]
 11668 | Lair:3   | HP: 10/127 [death yak (12)]
 11669 | Lair:3   | 11669 ||| READING scroll of teleportation.
 11669 | Lair:3   | Mangled by a death yak

Levels and vault maps discovered:
D:1:      minmay_arrival_arboretum_small, layout_loops_ring,
          hellmonk_ecumenical_altar_crossroads
D:2:      layout_basic, minmay_tetromino_s4, uniq_jessica
D:3:      layout_basic, serial_shops, nicolae_square_shop, ebering_ghost_gozag,
          kennysheep_boxes
D:4:      layout_cave_pools, lemuel_doored_altar,
          nicolae_concentric_dashed_squares_wild, minmay_misc_feat_more_columns,
          uniq_menkaure
D:5:      layout_gridville, nicolae_overflow_crystal_walls,
          biasface_ghost_orc_armoury, grunt_tough_drop
D:6:      layout_gridville, mainiacjoe_overflow_catwalk, serial_shops,
          nicolae_shop_competitors_out_of_business, shop, shop,
          chequers_serial_rivers_micro_a, nicolae_shop_clearance
D:7:      layout_loops_ring, nicolae_tso_carved_into_rock,
          minmay_temple_entry_poolview, nicolae_ossuary_entry_monument
D:8:      layout_rooms, water_boxes_lemuel
D:9:      layout_gridville, amcnicky_altar_gilded, mainiacjoe_overflow_24_doors,
          gammafunk_temple_overflow_arena, due_lair_maze_entry_diamond
Temple:   nicolae_temple_two_arcs
Lair:1:   layout_roguey, serial_bayou_ford_a, lemuel_fruit_tree, uniq_harold
Lair:2:   layout_concentric_octagons, nicolae_spider_entry_non_spiders,
          eino_house_with_fridge, lemuel_fruit_fields, uniq_erica
Lair:3:   layout_cave_shapes, minmay_shoals_entry_beasts, beast_lair_carwin_9,
          uniq_amaemon, uniq_kirke
Lair:4:   layout_gridlike, slime_entry_1, uniq_josephine

Skill      XL: |  1  2  3  4  5  6  7  8  9 10 11 12 13 |
---------------+----------------------------------------+-----
Unarmed Combat | 4 5 6 7 8 10 12 14 16 18 | 18.6
Throwing       | 2 3 4 5 6 7 |  7.0
Fighting       | 3 4 5 6 8 |  8.0
Dodging        | 2 3 |  3.3
Armour         | 1 2 3 |  3.3
Spellcasting   | |  1.0
Fire Magic     | |  2.1

Action                   |  1- 3 |  4- 6 |  7- 9 | 10-12 | 13-15 || total
-------------------------+-------+-------+-------+-------+-------++-------
Melee: Unarmed           |    96 |    88 |   271 |   384 |    65 ||   904
       Punch             |     1 |     1 |     7 |    25 |    13 ||    47
       Headbutt          |       |       |       |    38 |    20 ||    58
Throw: Javelin           |       |    12 |    16 |    16 |       ||    44
       Large rock        |       |       |    43 |    32 |       ||    75
       Boomerang         |       |       |    17 |    39 |    21 ||    77
Invok: Fiery Armour      |       |     1 |     2 |     9 |       ||    12
  Use: Scroll            |     3 |     6 |     7 |     5 |     1 ||    22
       Potion            |       |     1 |     3 |     7 |       ||    11
Armor: Robe              |    33 |    36 |    25 |       |       ||    94
       Acid dragon scale |       |       |    75 |   187 |    26 ||   288
Dodge: Dodged            |    41 |    35 |   117 |   140 |    34 ||   367
Block: Other             |       |       |       |     2 |    17 ||    19

Table legend:
 A = Non-vault XP
 B = Vault XP
 C = Vault XP percentage of total XP
 D = Non-vault monster count
 E = Vault monster count
 F = Vault count percentage of total count
                 A         B        C        D         E       F
            +---------+---------+-------+---------+---------+-------
      Total |   33081 |   12884 |  28.0 |     266 |     100 |  27.3
            +---------+---------+-------+---------+---------+-------
        D:1 |      32 |       0 |   0.0 |      20 |       0 |   0.0
        D:2 |      47 |      39 |  45.3 |      18 |       2 |  10.0
        D:3 |     176 |       0 |   0.0 |      20 |       0 |   0.0
        D:4 |     117 |     165 |  58.5 |      12 |       1 |   7.7
        D:5 |     586 |      98 |  14.3 |      21 |       6 |  22.2
        D:6 |    1118 |       0 |   0.0 |      14 |       0 |   0.0
        D:7 |    1582 |       0 |   0.0 |      24 |       0 |   0.0
        D:8 |    2178 |       0 |   0.0 |      33 |       0 |   0.0
        D:9 |    3835 |    1234 |  24.3 |      26 |      10 |  27.8
     Lair:1 |    8606 |     863 |   9.1 |      27 |       1 |   3.6
     Lair:2 |    4067 |    2488 |  38.0 |      16 |      21 |  56.8
     Lair:3 |    4150 |    5487 |  56.9 |      17 |      15 |  46.9
     Lair:4 |    6587 |    1943 |  22.8 |      18 |       6 |  25.0
    Ossuary |       0 |     567 | 100.0 |       0 |      38 | 100.0
            +---------+---------+-------+---------+---------+-------
